 Dungeon Crawl Stone Soup version 0.27-a0-1378-gdefffd1ff6 (webtiles) character file.

Game seed: 3291976637837673894

21109 ABBCCCDDDD the Thaumaturge (level 12, -10/92 HPs)
             Began as a Gnoll Fire Elementalist on June 29, 2021.
             Was an Elder of Vehumet.
             Mangled by a death yak (12 damage)
             ... on level 2 of the Lair of Beasts on June 30, 2021.
             The game lasted 01:23:59 (21130 turns).

ABBCCCDDDD the Thaumaturge (GnFE)                  Turns: 21130, Time: 01:24:00

Health: -10/92     AC: 11    Str:  9    XL:     12   Next: 86%
Magic:  12/34      EV: 16    Int: 18    God:    Vehumet [****..]
Gold:   518        SH:  0    Dex: 13    Spells: 1/29 levels left

rFire    . . .     SeeInvis +   f - +2 dagger (drain)
rCold    . . .     Faith    .   (no shield)
rNeg     . . .     Spirit   .   a - +0 robe
rPois    .         Reflect  .   B - +1 helmet {SInv}
rElec    .         Harm     .   (no cloak)
rCorr    .         Rampage  .   c - +0 pair of gloves
Will     .....                  k - +0 pair of boots
Stlth    ++++......             (no amulet)
HPRegen  0.25/turn              x - ring of magical power
MPRegen  0.24/turn              J - +4 ring of protection

@: brilliant
A: fangs 1, strong nose, distributed training
a: Renounce Religion


You were on level 2 of the Lair of Beasts.
You worshipped Vehumet.
Vehumet was greatly pleased with you.
You visited 2 branches of the dungeon, and saw 13 of its levels.
You also visited: Sewer.

You collected 737 gold pieces.
You spent 219 gold pieces at shops.

Inventory:

Hand Weapons
 f - a +2 dagger of draining (weapon)
 q - a +2 flail of holy wrath
 A - a +2 mace of holy wrath
 K - a +3 great sword
 M - a +0 whip of flaming
 O - a +3 spear of venom
Missiles
 d - 358 stones (quivered)
 m - a throwing net
 v - 14 poisoned darts
 w - 5 boomerangs of dispersal
 y - 8 javelins
Armour
 a - a +0 robe (worn)
 c - a +0 pair of gloves (worn)
 k - a +0 pair of boots (worn)
 B - a +1 helmet of see invisible (worn)
 P - a +1 kite shield of positive energy
Jewellery
 l - a ring of protection from cold
 x - a ring of magical power (left hand)
 H - a +6 ring of dexterity
 J - a +4 ring of protection (right hand)
 S - a ring of ice
 T - an amulet of guardian spirit
Wands
 n - a wand of mindburst (5)
 z - a wand of polymorph (9)
 G - a wand of digging (11)
 I - a wand of iceblast (6)
Scrolls
 b - a scroll of magic mapping
 e - 2 scrolls of summoning
 h - 6 scrolls of fear
 i - 8 scrolls of teleportation
 p - 4 scrolls of enchant weapon
 r - 5 scrolls of fog
 t - a scroll of enchant armour {unknown}
 D - 4 scrolls of amnesia
 F - a scroll of vulnerability
 L - a scroll of holy word {unknown}
 N - 2 scrolls of immolation {unknown}
 Q - 3 scrolls of identify
 R - a scroll of noise {unknown}
Potions
 g - 2 potions of attraction
 j - a potion of curing
 o - 4 potions of magic
 s - 2 potions of mutation
 u - 3 potions of flight
 E - 3 potions of invisibility


   Skills:
 + Level 7.7 Fighting
 + Level 7.7 Short Blades
 + Level 7.7 Long Blades
 + Level 7.7 Axes
 + Level 7.7 Maces & Flails
 + Level 7.7 Polearms
 + Level 7.7 Staves
 + Level 7.7 Slings
 + Level 7.7 Bows
 + Level 7.7 Crossbows
 + Level 7.7 Throwing
 + Level 7.7 Armour
 + Level 9.0 Dodging
 + Level 8.8 Stealth
 + Level 7.7 Shields
 + Level 7.7 Unarmed Combat
 + Level 9.2 Spellcasting
 + Level 6.8 Conjurations
 + Level 6.4 Hexes
 + Level 6.4 Summonings
 + Level 6.4 Necromancy
 + Level 6.4 Translocations
 + Level 6.4 Transmutations
 + Level 8.5 Fire Magic
 + Level 6.4 Ice Magic
 + Level 6.4 Air Magic
 + Level 6.4 Earth Magic
 + Level 6.4 Poison Magic
 + Level 8.4 Invocations
 + Level 7.7 Evocations


You had one spell level left.
You knew the following spells:

 Your Spells              Type           Power      Damage    Failure   Level
a - Foxfire               Conj/Fire      100%       2x1d9     1%          1
b - Shock                 Conj/Air       100%       1d9       1%          1
c - Conjure Flame         Conj/Fire      52%        6-21      1%          3
d - Static Discharge      Conj/Air       48%        N/A       1%          2
e - Freeze                Ice            100%       1d11      1%          1
f - Swiftness             Air            47%        N/A       1%          3
g - Poisonous Vapours     Pois/Air       94%        N/A       1%          2
h - Fireball              Conj/Fire      26%        3d12      3%          5
i - Lightning Bolt        Conj/Air       24%        1d39      4%          5
j - Iskenderun's Battles  Conj           49%        2d10      4%          5

Your spell library contained the following spells:

 Spells                   Type           Power      Damage    Failure   Level
 Lee's Rapid Deconstruct  Erth           23%        3d14*     4%          5
 Animate Skeleton         Necr           94%        N/A       1%          1
 Corona                   Hex            52%        N/A       1%          1
 Pain                     Necr           100%       1d9       1%          1
 Corpse Rot               Necr/Air       N/A        N/A       1%          2
 Slow                     Hex            47%        N/A       1%          2
 Sublimation of Blood     Necr           23%        N/A       1%          2
 Confusing Touch          Hex            47%        N/A       1%          3
 Gell's Gravitas          Tloc           23%        N/A       1%          3
 Inner Flame              Hex/Fire       52%        N/A       1%          3
 Mephitic Cloud           Conj/Pois/Air  47%        N/A       1%          3
 Portal Projectile        Hex/Tloc       94%        N/A       1%          3
 Vampiric Draining        Necr           23%        2d9       1%          3
 Airstrike                Air            23%        N/A       1%          4
 Sticky Flame             Conj/Fire      52%        2d7       1%          4
 Bolt of Magma            Conj/Fire/Erth 25%        4d12      3%          5
 Freezing Cloud           Conj/Ice/Air   23%        6-21      4%          5
 Yara's Violent Unravell  Hex/Tmut       23%        3d10      4%          5
 Animate Dead             Necr           23%        N/A       6%          4
 Cause Fear               Hex            23%        N/A       6%          4
 Dispel Undead            Necr           47%        3d18      6%          4
 Leda's Liquefaction      Hex/Erth       23%        N/A       6%          4
 Petrify                  Tmut/Erth      47%        N/A       6%          4
 Agony                    Necr           47%        N/A       17%         5
 Excruciating Wounds      Necr           23%        N/A       17%         5
 Metabolic Englaciation   Hex/Ice        23%        N/A       17%         5
 Iron Shot                Conj/Erth      24%        9d5       22%         6
 Orb of Destruction       Conj           24%        9d10      71%         7
 Spellforged Servitor     Conj/Summ      24%        N/A       71%         7


Dungeon Overview and Level Annotations

Branches:
Dungeon (10/15)            Temple (0/1) D:5            Lair (3/6) D:9
  Sewer (visited)
  Swamp: Lair:2-4    Shoals: Lair:2-4     Snake: Lair:2-4    Spider: Lair:2-4
    Orc: D:9-12

Altars:
Cheibriados
Hepliaklqana
Ru
Vehumet
Zin
Lugonu

Shops:
D:9 ?

Annotations:
D:2 1 exclusion
D:4 1 runed translucent door, exclusion: door, night's ghost, amateur OpFE
D:8 2 transporters, exclusion: downstairs
Lair:3 Sonja


Innate Abilities, Weirdness & Mutations

You have very sharp teeth.
Your uncanny sense of smell can sniff out nearby items.
Your experience applies equally to all skills.


Message History

You enter the shallow water.
Moving in this stuff is going to be slow.
The death yak gores you!! x2
* * * LOW HITPOINT WARNING * * *
Okay, then.
Okay, then.
Unknown command.
Okay, then.
Unknown command.
Casting: Fireball (dangerous; 3% risk of failure)
Confirm with . or Enter, or press ? or * to list all spells.
Okay, then.
Unknown command.
Okay, then.
Unknown command.
As you read the scroll of fear, it crumbles to dust.
You assume a fearsome visage.
The death yak resists with almost no effort. x2
The death yak gores you!
* * * LOW HITPOINT WARNING * * *
Okay, then.
Unknown command.
Okay, then.
Unknown command.
Press: ? - help, v - describe, . - travel
Here: a death yak (severely wounded) Some shallow water.
Okay, then.
Unknown command.
Unknown command.
Press: ? - help, v - describe, . - travel
Here: a death yak (severely wounded) Some shallow water.
Really quaff the potion of attraction?
Okay, then.
Unknown command.
It was a potion of brilliance.
You feel clever all of a sudden. The death yak gores you!
You die...

##...............#♣..♣...#.
#P...............#♣♣...♣...
##...............#######♣.♣
#....................#♣♣.♣
#....................#...♣
##....................#....
#...#..######...).....#....
##..#######...........#....
#...# #.@≈≈≈........#....
###...# #YY≈≈≈≈..####.#....
#.....#
##≈≈≈≈≈≈≈..##..#..≈.
##...##
#...≈≈≈≈≈..##..#..P. #P...#
##....≈≈≈≈≈.###.#....
###..#
#...>≈≈≈≈≈≈..#..#♣... #..#
#....≈≈≈≈≈≈..#..#♣♣.♣
##..#####.≈≈≈≈≈≈^.....# ♣.♣
#....####...≈≈≈≈......# ♣.♣


You could see 2 death yaks.

Vanquished Creatures
  3 hydras
  A two-headed ogre (D:9)
  A death yak (Lair:3)
  4 black mambas
  A torpor snail (Lair:2)
  6 elephants
  2 cane toads (Lair:2)
  5 komodo dragons
  2 hornets
  4 polar bears (Lair:1)
  A troll (D:9)
  2 blink frogs (Lair:3)
  6 slime creatures (D:7)
  4 wyverns
  6 humans
  20 yaks
  2 water moccasins
  2 ice beasts
  A hornet zombie (D:9)
  2 necrophages
  6 black bears
  3 ogres
  A sky beast (D:7)
  5 wolves (Lair:2)
  A centaur (D:9)
  A phantom (D:7)
  2 kobold brigands (Sewer)
  7 bullfrogs
  A gnoll sergeant (D:8)
  2 scorpions (D:5)
  20 killer bees
  4 wights
  A howler monkey (D:8)
  A bullfrog zombie (D:6)
  2 centaur zombies
  A hound (D:4)
  6 jellies
  7 orc priests
  2 bullfrog skeletons
  A centaur skeleton (D:5)
  4 iguanas
  7 orc wizards
  2 hound skeletons (D:5)
  2 howler monkey skeletons
  5 howler monkey zombies
  3 gnolls (D:8)
  2 river rats
  8 adders
  2 shadow imps (D:7)
  3 white imps
  An ufetubus (D:5)
  An adder skeleton (D:4)
  3 worms
  11 dart slugs
  35 orcs
  9 bats
  13 endoplasms
  4 giant cockroaches
  16 goblins
  4 hobgoblins
  11 jackals
  10 kobolds
  3 quokkas
  10 ball pythons
  5 frilled lizards
  6 rats
329 creatures vanquished.

Vanquished Creatures (others)
  A worm (D:2)
  1028 foxfires
  27 fungi
  70 plants
1126 creatures vanquished.

Grand Total: 1455 creatures vanquished

Notes
Turn   | Place    | Note
-------+----------+-------------------------------------------
     0 | D:1      | ABBCCCDDDD the Gnoll Fire Elementalist began the quest for
                  | the Orb.
     0 | D:1      | Reached XP level 1. HP: 13/13 MP: 6/6
   192 | D:1      | Reached XP level 2. HP: 19/19 MP: 4/7
   654 | D:1      | Reached XP level 3. HP: 25/25 MP: 5/9
   717 | D:1      | Reached skill level 5 in Spellcasting
   961 | D:1      | Reached skill level 1 in Invocations
  1491 | D:2      | Reached skill level 1 in Fighting
  1491 | D:2      | Reached skill level 1 in Short Blades
  1491 | D:2      | Reached skill level 1 in Long Blades
  1491 | D:2      | Reached skill level 1 in Axes
  1491 | D:2      | Reached skill level 1 in Maces & Flails
  1491 | D:2      | Reached skill level 1 in Polearms
  1491 | D:2      | Reached skill level 1 in Staves
  1491 | D:2      | Reached skill level 1 in Slings
  1491 | D:2      | Reached skill level 1 in Bows
  1491 | D:2      | Reached skill level 1 in Crossbows
  1491 | D:2      | Reached skill level 1 in Throwing
  1491 | D:2      | Reached skill level 1 in Armour
  1491 | D:2      | Reached skill level 1 in Shields
  1491 | D:2      | Reached skill level 1 in Unarmed Combat
  1491 | D:2      | Reached skill level 1 in Evocations
  1763 | D:2      | Reached XP level 4. HP: 32/32 MP: 8/11
  1926 | D:2      | Found a faded altar of an unknown god.
  2533 | D:3      | Reached skill level 1 in Hexes
  2533 | D:3      | Reached skill level 1 in Summonings
  2533 | D:3      | Reached skill level 1 in Necromancy
  2533 | D:3      | Reached skill level 1 in Translocations
  2533 | D:3      | Reached skill level 1 in Transmutations
  2533 | D:3      | Reached skill level 1 in Ice Magic
  2533 | D:3      | Reached skill level 1 in Air Magic
  2533 | D:3      | Reached skill level 1 in Earth Magic
  2533 | D:3      | Reached skill level 1 in Poison Magic
  2537 | D:3      | Found a glowing drain.
  2685 | Sewer    | Entered a sewer
  2698 | Sewer    | Reached XP level 5. HP: 37/37 MP: 5/12
  2971 | Sewer    | Noticed a kobold brigand
  2987 | Sewer    | Killed a kobold brigand
  3276 | Sewer    | Noticed a kobold brigand
  3286 | Sewer    | Killed a kobold brigand
  3287 | Sewer    | Reached XP level 6. HP: 28/44 MP: 7/14
  3621 | D:3      | Reached skill level 5 in Dodging
  3644 | D:3      | Learned a level 1 spell: Shock
  3648 | D:3      | Learned a level 3 spell: Conjure Flame
  3651 | D:3      | Learned a level 2 spell: Static Discharge
  3916 | D:3      | Found a glowing silver altar of Zin.
  3918 | D:3      | Found a radiant altar of Vehumet.
  3919 | D:3      | Found a sacrificial altar of Ru.
  3920 | D:3      | Found a snail-covered altar of Cheibriados.
  4440 | D:3      | Became a worshipper of Vehumet
  4482 | D:4      | Found a runed translucent door.
  4484 | D:4      | Noticed night's ghost (amateur OpFE)
  4688 | D:4      | Reached XP level 7. HP: 50/50 MP: 11/15
  5230 | D:4      | Reached skill level 5 in Stealth
  5637 | D:4      | Reached * piety under Vehumet
  5637 | D:4      | Offered knowledge of Freeze by Vehumet.
  5647 | D:4      | Learned a level 1 spell: Freeze
  5753 | D:5      | Entered Level 5 of the Dungeon
  5977 | D:5      | Reached XP level 8. HP: 58/58 MP: 8/16
  6480 | D:5      | Found a staircase to the Ecumenical Temple.
  7454 | D:5      | Reached ** piety under Vehumet
  7454 | D:5      | Offered knowledge of Sandblast by Vehumet.
  7687 | D:6      | Reached XP level 9. HP: 56/65 MP: 13/18
  8781 | D:5      | HP: 1/60 [wight (11)]
 10131 | D:7      | Identified a scroll of acquirement
 10132 | D:7      | Acquired a +1 helmet of see invisible
 10819 | D:7      | Reached skill level 5 in Invocations
 11135 | D:7      | Learned a level 3 spell: Swiftness
 11459 | D:7      | Reached XP level 10. HP: 29/73 MP: 19/20
 12019 | D:7      | Reached skill level 5 in Fighting
 12019 | D:7      | Reached skill level 5 in Short Blades
 12019 | D:7      | Reached skill level 5 in Long Blades
 12019 | D:7      | Reached skill level 5 in Axes
 12019 | D:7      | Reached skill level 5 in Maces & Flails
 12019 | D:7      | Reached skill level 5 in Polearms
 12019 | D:7      | Reached skill level 5 in Staves
 12019 | D:7      | Reached skill level 5 in Slings
 12019 | D:7      | Reached skill level 5 in Bows
 12019 | D:7      | Reached skill level 5 in Crossbows
 12019 | D:7      | Reached skill level 5 in Throwing
 12019 | D:7      | Reached skill level 5 in Armour
 12019 | D:7      | Reached skill level 5 in Shields
 12019 | D:7      | Reached skill level 5 in Unarmed Combat
 12019 | D:7      | Reached skill level 5 in Evocations
 12457 | D:8      | Found a hazy altar of Hepliaklqana.
 12928 | D:8      | Found a transporter.
 13358 | D:8      | Reached skill level 5 in Conjurations
 13570 | D:8      | Found a transporter.
 13570 | D:8      | Found a corrupted altar of Lugonu.
 13570 | D:8      | Noticed a white ugly thing
 13570 | D:8      | Noticed a brown ugly thing
 13573 | D:8      | Noticed a white ugly thing
 13871 | D:9      | Found a staircase to the Lair.
 13888 | D:9      | Noticed a two-headed ogre
 13899 | D:9      | Killed a two-headed ogre
 13900 | D:9      | Reached XP level 11. HP: 81/81 MP: 22/22
 14130 | D:9      | Offered knowledge of Poisonous Vapours by Vehumet.
 14223 | D:9      | Learned a level 2 spell: Poisonous Vapours
 14270 | D:9      | Found Tufuat Jyapt's Magic Scroll Shop.
 14672 | D:9      | Bought a scroll of identify for 22 gold pieces
 14672 | D:9      | Bought a scroll of fog for 22 gold pieces
 14672 | D:9      | Bought a scroll of amnesia for 38 gold pieces
 14672 | D:9      | Bought a scroll of summoning for 104 gold pieces
 14672 | D:9      | Bought a scroll of teleportation for 33 gold pieces
 14741 | D:10     | Entered Level 10 of the Dungeon
 14746 | D:10     | Reached *** piety under Vehumet
 14747 | D:10     | Reached skill level 5 in Hexes
 14747 | D:10     | Reached skill level 5 in Summonings
 14747 | D:10     | Reached skill level 5 in Necromancy
 14747 | D:10     | Reached skill level 5 in Translocations
 14747 | D:10     | Reached skill level 5 in Transmutations
 14747 | D:10     | Reached skill level 5 in Ice Magic
 14747 | D:10     | Reached skill level 5 in Air Magic
 14747 | D:10     | Reached skill level 5 in Earth Magic
 14747 | D:10     | Reached skill level 5 in Poison Magic
 14757 | D:10     | Noticed a two-headed ogre
 14898 | D:10     | Identified the ring of the Scarab {Contam rF+ rN+ Str+4}
 14898 | D:10     | Noticed a deep elf pyromancer
 14947 | D:10     | Noticed a centaur warrior
 14996 | Lair:1   | Entered Level 1 of the Lair of Beasts
 15011 | Lair:1   | Learned a level 5 spell: Fireball
 16373 | Lair:2   | Noticed a seven-headed hydra
 16377 | Lair:2   | Killed a seven-headed hydra
 16392 | Lair:2   | Noticed a four-headed hydra
 17028 | Lair:2   | Offered knowledge of Fulminant Prism by Vehumet.
 17111 | Lair:1   | Killed a four-headed hydra
 17222 | Lair:1   | Learned a level 5 spell: Lightning Bolt
 17767 | Lair:2   | Reached XP level 12. HP: 89/89 MP: 11/24
 18737 | Lair:2   | Learned a level 5 spell: Iskenderun's Battlesphere
 18843 | Lair:2   | Noticed a seven-headed hydra
 18850 | Lair:2   | Killed a seven-headed hydra
 20261 | Lair:3   | Reached **** piety under Vehumet
 20317 | Lair:3   | Noticed a death yak
 20653 | Lair:3   | Noticed Sonja
 20887 | Lair:3   | Noticed a death yak
 20887 | Lair:3   | Noticed a death yak
 20900 | Lair:3   | Noticed a death yak
 20901 | Lair:3   | Offered knowledge of Lee's Rapid Deconstruction by Vehumet.
 20902 | Lair:3   | Killed a death yak
 20903 | Lair:3   | Noticed a death yak
 21129 | Lair:2   | HP: 2/92 [death yak (9)]
 21130 | Lair:2   | Mangled by a death yak

Illustrated notes

Levels and vault maps discovered:
D:1:      dpeg_arrival_simpleton_a, layout_basic
D:2:      layout_loops_ring, ebering_ecumenical_altar_sacrificial,
          lemuel_flame_loot_1
D:3:      layout_rooms, minitemple, cheibrodos_sewer_entry_sluice
D:4:      layout_rooms, ebering_ghost_reflecting_pool, minivault_24,
          minivault_14
D:5:      layout_gridville, minmay_temple_entry_proselytizer, minmay_bent
D:6:      layout_gridville
D:7:      layout_basic
D:8:      gammafunk_corrupted_shrine, layout_cave_pools,
          nicolae_hepliaklqana_hazy_memory, minmay_ruffians
D:9:      layout_roguey, dpeg_oklobed_lair, serial_shops, shop
D:10:     minmay_the_grid_square_5x5_3x3 [minmay_the_grid_square_5x5_hourglass,
          minmay_the_grid_square_5x5_doubleslash,
          minmay_the_grid_square_5x5_seven,
          minmay_the_grid_square_5x5_tetrominoes,
          minmay_the_grid_square_5x5_megaprize_checkered,
          minmay_the_grid_square_5x5_sharp_hourglass,
          minmay_the_grid_square_5x5_plus, minmay_the_grid_square_5x5_meh,
          minmay_the_grid_square_5x5_minimal], layout_loops_ring
Lair:1:   beast_lair_carwin_large_2, layout_regular_city
Lair:2:   nzn_winding_woodlands_stair_trap [nzn_winding_woodlands_5x15_twine,
          nzn_winding_woodlands_5x15_eye, nzn_winding_woodlands_5x15_garden,
          nzn_winding_woodlands_15x15_five_gardens,
          nzn_winding_woodlands_5x15_sidewinder,
          nzn_winding_woodlands_5x15_longhouse,
          nzn_winding_woodlands_5x15_cabin], layout_chaotic_city,
          infiniplex_staircase_pool
Lair:3:   layout_cave_pods, uniq_sonja

Skill      XL: |  1  2  3  4  5  6  7  8  9 10 11 12 |
---------------+-------------------------------------+-----
Conjurations   | 2 3 4 5 6 |  6.8
Spellcasting   | 5 6 7 8 9 |  9.2
Invocations    | 1 2 3 4 5 6 7 8 |  8.4
Fighting       | 1 2 3 4 5 6 7 |  7.7
Short Blades   | 1 2 3 4 5 6 7 |  7.7
Long Blades    | 1 2 3 4 5 6 7 |  7.7
Axes           | 1 2 3 4 5 6 7 |  7.7
Maces & Flails | 1 2 3 4 5 6 7 |  7.7
Polearms       | 1 2 3 4 5 6 7 |  7.7
Staves         | 1 2 3 4 5 6 7 |  7.7
Slings         | 1 2 3 4 5 6 7 |  7.7
Bows           | 1 2 3 4 5 6 7 |  7.7
Crossbows      | 1 2 3 4 5 6 7 |  7.7
Throwing       | 1 2 3 4 5 6 7 |  7.7
Armour         | 1 2 3 4 5 6 7 |  7.7
Shields        | 1 2 3 4 5 6 7 |  7.7
Unarmed Combat | 1 2 3 4 5 6 7 |  7.7
Evocations     | 1 2 3 4 5 6 7 |  7.7
Hexes          | 1 2 3 4 5 6 |  6.4
Summonings     | 1 2 3 4 5 6 |  6.4
Necromancy     | 1 2 3 4 5 6 |  6.4
Translocations | 1 2 3 4 5 6 |  6.4
Transmutations | 1 2 3 4 5 6 |  6.4
Ice Magic      | 1 2 3 4 5 6 |  6.4
Air Magic      | 1 2 3 4 5 6 |  6.4
Earth Magic    | 1 2 3 4 5 6 |  6.4
Poison Magic   | 1 2 3 4 5 6 |  6.4
Dodging        | 5 6 7 8 9 |  9.0
Stealth        | 5 6 7 8 |  8.8
Fire Magic     | 6 7 8 |  8.5

Action                   |  1- 3 |  4- 6 |  7- 9 | 10-12 || total
-------------------------+-------+-------+-------+-------++-------
Melee: Dagger            |     7 |    14 |    39 |    27 ||    87
       Bite              |     1 |     2 |     1 |       ||     4
       Punch             |       |       |       |     1 ||     1
Throw: Dart              |       |       |       |     2 ||     2
 Cast: Foxfire           |    83 |   144 |   241 |   139 ||   607
       Conjure Flame     |       |     7 |    17 |    19 ||    43
       Shock             |       |       |    21 |    39 ||    60
       Freeze            |       |       |    41 |    57 ||    98
       Static Discharge  |       |       |     6 |    12 ||    18
       Swiftness         |       |       |       |     2 ||     2
       Fireball          |       |       |       |   147 ||   147
       Lightning Bolt    |       |       |       |     5 ||     5
       Poisonous Vapours |       |       |       |     4 ||     4
       Iskenderun's Batt |       |       |       |    10 ||    10
Evoke: Wand              |       |       |       |     8 ||     8
  Use: Scroll            |       |     4 |     5 |     6 ||    15
       Potion            |       |     3 |     1 |     3 ||     7
 Stab: Sleeping          |     1 |       |       |     4 ||     5
Armor: Robe              |     1 |     9 |    37 |    49 ||    96
Dodge: Dodged            |     9 |    33 |   138 |   145 ||   325

Table legend: (Time is in decaauts)
 A = Elapsed time spent in this place.
 B = Non-inter-level travel time spent in this place.
 C = Inter-level travel time spent in this place.
 D = Time resting spent in this place.
 E = Time spent auto-exploring this place.
 F = Levels seen in this place.
 G = Mean time per level.
                   A        B        C        D        E       F      G
               +--------+--------+--------+--------+--------+-----+--------+
         Total |  21212 |  19707 |   1505 |   8232 |   6062 |  14 | 1515.1 |
       Dungeon |  14361 |  13223 |   1138 |   4812 |   4383 |  10 | 1436.1 |
          Lair |   5945 |   5578 |    367 |   3034 |   1466 |   3 | 1981.7 |
         Sewer |    906 |    906 |      0 |    386 |    211 |   1 |  906.0 |
               +--------+--------+--------+--------+--------+-----+--------+

Top non-repeatable levels by time:
  Lair:2: 3495 daAuts
     D:5: 3345 daAuts
     D:7: 2497 daAuts
  Lair:1: 2215 daAuts
     D:1: 1432 daAuts
     D:9: 1382 daAuts
     D:4: 1271 daAuts
     D:3: 1107 daAuts
     D:2: 1090 daAuts
     D:6: 1041 daAuts
     D:8: 1025 daAuts
   Sewer: 906 daAuts
  Lair:3: 234 daAuts
    D:10: 167 daAuts
